Zazza, neutral female human Tourist --------------- |.............| |.............| ..))))..).....| -------------.- ###### # ### ################################### ### ----.- a### |....| ---@------------ |....| |.....`....<...| #-....| |.....u.........#####|....| |..............| |....| ---------------- ------ Zazza the Sightseer Experience level: 5 Strength: 13 Dexterity: 9 Constitution: 16 Intelligence: 13 Wisdom: 10 Charisma: 18 Health: 0(43) Energy: 18(18) Def: 4 Gold: 37 Moves: 2971 Dungeon seed: 8jhAGI634aVkkOYY Game ID: Zazza_1595869759 Your Inventory: Coins $ - 37 gold pieces Amulets T - an uncursed amulet of reflection (being worn) Weapons a - 28 +2 darts (in quiver) i - a blessed +2 orcish dagger named good (weapon in hand) Armor q - an uncursed +2 orcish helm (being worn) y - an uncursed +0 pair of speed boots (being worn) Comestibles b - 6 uncursed food rations c - an uncursed slime mold d - an uncursed tripe ration F - 2 uncursed fortune cookies I - an uncursed carrot Potions e - an uncursed potion of extra healing S - a cursed potion of paralysis Wands x - a cursed wand of fire (0:5) M - a wand of enlightenment (0:14) Tools g - an expensive camera (0:74) h - an uncursed credit card k - an uncursed skeleton key D - an uncursed blindfold Spells and supernatural/magical abilities: Name Level Category Fail Memory W - pray for help -- divine ? -- Your skills at the end: Fighting Skills Weapon Skills dagger [Skilled] dart [Basic] Spellcasting Skills Final Attributes: You were piously aligned. You were very fast. You had reflection. You are dead. Vanquished creatures: a leprechaun 3 human zombies a fire ant an orc shaman a giant ant a kitten a dwarf 2 giant bats 2 orc zombies a dwarf zombie 2 iguanas a coyote a hobbit a hobgoblin a giant rat a cave spider a yellow mold a green mold 6 garter snakes a gecko 9 jackals a fox 2 kobolds 2 goblins 4 sewer rats 3 grid bugs 5 lichens 5 newts 61 creatures vanquished. Voluntary challenges: You were an atheist. You used a wielded weapon 88 times, starting on turn 152. You read items or engraved 7 times, starting on turn 36. You never genocided any monsters. You never polymorphed an object. You never changed form. You used no wishes. You never split a pudding. You wrote Elbereth's name 2 times, starting on turn 1580. You violated your moral code, losing 20 points of alignment, starting on turn 2155. Dungeon overview: The Dungeons of Doom: levels 1 to 8 Level 1 a long staircase Level 2 Level 3 Level 4 a sink a long staircase Level 5 many fountains Level 6 some fountains a long staircase Level 7 a fountain Level 8 <- You were here History has recorded: On T:1 you entered the Dungeons of Doom to retrieve the Amulet of Yendor! On T:360 you advanced to experience level 2. On T:428 you reached level 2 of The Dungeons of Doom. On T:786 you advanced to experience level 3. On T:818 you reached level 3 of The Dungeons of Doom. On T:1187 you advanced to experience level 4. On T:1481 you reached level 4 of The Dungeons of Doom. On T:1922 you reached level 5 of The Dungeons of Doom. On T:2215 you reached level 6 of The Dungeons of Doom. On T:2281 you advanced to experience level 5. On T:2378 you reached level 7 of The Dungeons of Doom. On T:2814 you reached level 8 of The Dungeons of Doom. Score breakdown: Gold: 0 ( 0 points) Experience: 5 levels (11141 points) Exploration: 8 levels ( 16.00%) (11338 points) Discoveries: 3 items ( 1.01%) ( 3010 points) Valuables value: (no points given unless you survive) Artifact value: 0 ( 0 points) Variety of kills: 28 monsters ( 7.35%) ( 8132 points) Turncount: 2971 turns ( -585 points) Survival: died (score multiplied by 80%) Total score: 26428 Latest messages: The dart misses the fire ant. The dart misses the fire ant. The dart hits the fire ant! The dart hits the fire ant. The dart misses the fire ant. The dart hits the fire ant. The fire ant bites! (2x) You're on fire! You see here a statue of a lichen. You displace your pony. The fire ant bites! (2x) You're on fire! You die... Final status: Aloha Zazza the Tourist, killed by a fire ant... You died in The Dungeons of Doom on dungeon level 8 with 26428 points, and 37 pieces of gold, after 2971 moves. You were level 5 with a maximum of 43 hit points when you died.